 Dungeon Crawl Stone Soup version 0.31-a0-217-g58bb5d79cf (webtiles) character file.

Game seed: 17356577065709552477

441 qw the Shield-Bearer (level 7, -4/42 HPs)
             Began as a Gargoyle Fighter on July 2, 2023.
             Slain by Ijyb
             ... wielding a +0 dagger
              (6 damage)
             ... on level 4 of the Dungeon.
             The game lasted 00:01:48 (2957 turns).

qw the Shield-Bearer (Gargoyle Fighter)             Turns: 2957, Time: 00:01:48

Health: -4/42      AC:  0    Str: 22    XL:     7   Next: 2%
Magic:  7/7        EV: 17    Int:  8    God:
Gold:   204        SH:  0    Dex: 14    Spells: 6/6 levels left

rFire   . . .        Y - melded +2 war axe (drain)
rCold   . . .        r - melded +0 tower shield
rNeg    + . .        f - melded +0 plate armour
rPois   inf          (helmet currently unavailable)
rElec   .            k - melded +0 cloak
rCorr   .            (gloves currently unavailable)
SInv    .            (boots currently unavailable)
Will    .....        (no amulet)
Stlth   +            (ring currently unavailable)
HPRegen 0.27/turn    (ring currently unavailable)
MPRegen 0.10/turn

%: no passive effects
@: bat-form, flying, very quick
A: fast, flying, no casting, sickness immunity, AC +4, tiny, negative energy
resistance 1, (electricity resistance), torment resistance 1, petrification
resistance
a: no special abilities


You were on level 4 of the Dungeon.
You were a bat.
You visited 1 branch of the dungeon, and saw 4 of its levels.

You collected 259 gold pieces.
You spent 55 gold pieces at shops.


Innate Abilities, Weirdness & Mutations

You are a bat.
You are tiny and dextrous.
You move quickly.
You are flying.
Your equipment is almost entirely melded.
You are incapable of wielding weapons or throwing items.
You cannot cast spells.
You are immune to sickness and miasma.
((Your stone body is resilient. (AC +4)))
You are immune to poison.
You resist negative energy. (rN+)
((You are resistant to electric shocks. (rElec)))
You are resistant to unholy torment.
You are immune to petrification.


   Skills:
 - Level 3.9 Fighting
 - Level 5.2 Axes
 - Level 3.2 Armour
 + Level 5.5 Shields


You had 6 spell levels left.
You didn't know any spells.
Your spell library was empty.

Inventory:

Hand Weapons
 e - a +3 heavy hand axe
 o - a +1 flail of protection
 Y - a +2 war axe of draining (melded)
Armour
 f - a +0 plate armour (melded)
 k - a +0 cloak (melded)
 r - a +0 tower shield (melded)
Jewellery
 i - a ring of fire
Scrolls
 c - 3 scrolls of teleportation {unknown}
 l - 2 scrolls of identify
 m - a scroll of enchant armour {unknown}
Potions
 a - a potion of magic
 b - a potion of invisibility {unknown}
 d - 4 potions of might
 g - a potion of mutation {unknown}
 h - a potion of haste {unknown}
 j - 2 potions of lignification {unknown}
 n - 2 potions of heal wounds {unknown}
 p - a potion of resistance
 q - a potion of curing

Dungeon Overview and Level Annotations

Branches:
Dungeon (4/15)
 Temple: D:4-7

Altars:
Ru

Shops:
D:4 *

Annotations:
D:4 Ijyb


Message History

The goblin closely misses you. Ijyb misses you.
You hit Ijyb but do no damage.
Ijyb is lightly wounded.
You hit Ijyb but do no damage.
Ijyb is lightly wounded.
Ijyb barely misses you. The goblin barely misses you.
You barely miss Ijyb.
Ijyb is lightly wounded.
Ijyb misses you. The goblin closely misses you.
You barely miss Ijyb.
Ijyb is lightly wounded.
Ijyb barely misses you. The goblin hits you with a +0 club.
You barely miss Ijyb.
Ijyb is lightly wounded.
Ijyb barely misses you. The goblin hits you with a +0 club.
You hit Ijyb.
Ijyb is moderately wounded.
Ijyb hits you with a +0 dagger. The goblin completely misses you.
You completely miss Ijyb.
Ijyb is moderately wounded.
Ijyb screams, "Level is mine!
All mine!"
Ijyb misses you. The goblin misses you.
You hit Ijyb.
Ijyb is moderately wounded.
Ijyb hits you with a +0 dagger. The goblin closely misses you.
You barely miss Ijyb.
Ijyb is moderately wounded.
You hit Ijyb.
Ijyb is heavily wounded.
Ijyb hits you with a +0 dagger. The goblin completely misses you.
You hit Ijyb.
Ijyb is heavily wounded.
Ijyb barely misses you. The goblin misses you.
You hit Ijyb but do no damage.
Ijyb is heavily wounded.
Ijyb hits you with a +0 dagger. The goblin hits you with a +0 club.
You hit Ijyb.
Ijyb is severely wounded.
Ijyb hits you with a +0 dagger.
You die...

..###.###### #.##...g..g.
#.##.......# #.##..8.8.8.
#.##.......# #.##.#######
#.##.......# ####'#)...#...#
#.##.......# #.....))..#...#
#..........# #.........#...#
###...###### #.........#...#
.......# #..gg.....#...# ######.#
#..b..#'###...# #.## ####+##.#
#...# ######..####### #.##.#
#...#
..............###.##.###...###
........#.......#.#..........#
........##....#.#.#..........#
........#######.#............#
........# #.#.)#.........#
........#######...##.........####


You could see Ijyb and a goblin.

Vanquished Creatures
  A scorpion (D:4)
  A hound (D:4)
  A jelly (D:4)
  An orc priest (D:3)
  An orc wizard (D:4)
  10 adders
  7 gnolls
  2 worms
  A dart slug (D:4)
  8 orcs
  2 bats (D:2)
  3 endoplasms
  2 giant cockroaches
  11 goblins
  13 hobgoblins
  10 jackals
  7 kobolds
  4 quokkas
  7 ball pythons
  2 frilled lizards
  8 rats
102 creatures vanquished.

Notes
Turn   | Place    | Note
-------+----------+-------------------------------------------
     0 | D:1      | qw the Gargoyle Fighter began the quest for the Orb.
     0 | D:1      | Reached XP level 1. HP: 14/14 MP: 1/1
     0 | D:1      | 0 ||| qw: Version: 0.3-a-40-ge99b1a8
     0 | D:1      | 0 ||| qw: Game counter: 8020
     0 | D:1      | 0 ||| qw: Melee chars always use a shield: true
     0 | D:1      | 0 ||| qw: God list: Okawaru
     0 | D:1      | 0 ||| qw: Allow faded altars: false
     0 | D:1      | 0 ||| qw: Do Orc after clearing Dungeon:15 true
     0 | D:1      | 0 ||| qw: Do second Lair branch before Depths: true
     0 | D:1      | 0 ||| qw: Lair rune preference: random
     0 | D:1      | 0 ||| qw: Goals: Normal, Zot:1-4, Slime:5, God:TSO, Crypt,
                  | Tomb, Abyss, Pan, Hells, Win
     0 | D:1      | 0 ||| PLANNING D:1-11
   128 | D:1      | Reached XP level 2. HP: 19/19 MP: 2/2
   234 | D:1      | 234 ||| DROPPING +0 club.
   349 | D:1      | 349 ||| Stepping ~*~*~tactically~*~*~ (stealth).
   717 | D:1      | Reached skill level 3 in Axes
   864 | D:1      | 864 ||| Stepping ~*~*~tactically~*~*~ (stealth).
   874 | D:1      | Reached XP level 3. HP: 19/23 MP: 3/3
  1001 | D:1      | 1001 ||| UPGRADING to +0 plate armour.
  1011 | D:1      | 1011 ||| DROPPING +0 scale mail.
  1012 | D:1      | 1012 ||| UPGRADING to +0 cloak.
  1017 | D:1      | 1017 ||| READING 3 scrolls labelled NOMAGY CUPNOU.
  1018 | D:1      | 1018 ||| READING scroll labelled MAHUIZU GITUAGA.
  1019 | D:1      | 1019 ||| READING scroll labelled GEHOEZY RUB QIWN.
  1020 | D:1      | 1020 ||| READING 2 scrolls labelled BOSHAYST KIQUSUPT.
  1021 | D:1      | 1021 ||| READING scroll of enchant weapon.
  1021 | D:1      | 1021 ||| ENCHANTING +1 war axe of draining.
  1022 | D:1      | 1022 ||| READING scroll labelled BAHIOSA GIXAI.
  1023 | D:1      | 1023 ||| DROPPING 2 scrolls of vulnerability.
  1085 | D:2      | Found a faded altar of an unknown god.
  1118 | D:2      | 1118 ||| DROPPING +0 whip.
  1255 | D:2      | Reached XP level 4. HP: 18/28 MP: 4/4
  1368 | D:2      | 1368 ||| Stepping ~*~*~tactically~*~*~ (stealth).
  1369 | D:2      | 1369 ||| Stepping ~*~*~tactically~*~*~ (stealth).
  1404 | D:2      | 1404 ||| DROPPING +0 mace.
  1462 | D:2      | Reached XP level 5. HP: 32/32 MP: 5/5
  1577 | D:2      | 1577 ||| READING scroll labelled NIGGO JEMEOPOMM.
  1578 | D:2      | 1578 ||| READING 2 scrolls of identify.
  1578 | D:2      | 1578 ||| IDENTIFYING fizzy black potion
  1625 | D:3      | Found a sacrificial altar of Ru.
  1946 | D:3      | 1946 ||| Stepping ~*~*~tactically~*~*~ (stealth).
  1947 | D:3      | 1947 ||| Stepping ~*~*~tactically~*~*~ (stealth).
  1956 | D:3      | 1956 ||| Stepping ~*~*~tactically~*~*~ (stealth).
  1966 | D:3      | 1966 ||| DROPPING +0 flail.
  2099 | D:3      | 2099 ||| Stepping ~*~*~tactically~*~*~ (stealth).
  2100 | D:3      | 2100 ||| Stepping ~*~*~tactically~*~*~ (stealth).
  2352 | D:3      | Reached XP level 6. HP: 35/38 MP: 6/6
  2468 | D:3      | 2468 ||| UPGRADING to +0 tower shield.
  2478 | D:3      | 2478 ||| DROPPING +0 buckler.
  2479 | D:3      | 2479 ||| READING scroll labelled KEBROXI MOAGILL.
  2480 | D:3      | 2480 ||| DRINKING 2 inky potions.
  2519 | D:4      | Found Kunoschyosu's General Store.
  2629 | D:4      | 2629 ||| BUYING potion of curing (33 gold).
  2629 | D:4      | Bought a potion of curing for 33 gold pieces
  2629 | D:4      | 2629 ||| BUYING scroll of identify (22 gold).
  2629 | D:4      | Bought a scroll of identify for 22 gold pieces
  2727 | D:4      | 2727 ||| Stepping ~*~*~tactically~*~*~ (stealth).
  2764 | D:4      | 2764 ||| DRINKING 2 potions of curing.
  2764 | D:4      | 2764 ||| (to cure confusion)
  2857 | D:4      | Reached XP level 7. HP: 42/42 MP: 7/7
  2863 | D:4      | 2863 ||| Stepping ~*~*~tactically~*~*~ (stealth).
  2897 | D:4      | 2897 ||| Stepping ~*~*~tactically~*~*~ (stealth).
  2916 | D:4      | 2916 ||| Stepping ~*~*~tactically~*~*~ (hiding).
  2918 | D:4      | 2918 ||| Stepping ~*~*~tactically~*~*~ (hiding).
  2919 | D:4      | 2919 ||| Stepping ~*~*~tactically~*~*~ (hiding).
  2920 | D:4      | 2920 ||| Stepping ~*~*~tactically~*~*~ (stealth).
  2921 | D:4      | 2921 ||| Stepping ~*~*~tactically~*~*~ (hiding).
  2924 | D:4      | Noticed Ijyb
  2931 | D:4      | 2931 ||| FLEEEEING.
  2932 | D:4      | 2932 ||| FLEEEEING.
  2933 | D:4      | 2933 ||| FLEEEEING.
  2934 | D:4      | 2934 ||| FLEEEEING.
  2936 | D:4      | 2936 ||| FLEEEEING.
  2938 | D:4      | 2938 ||| FLEEEEING.
  2954 | D:4      | HP: 9/42 [Ijyb/+0 dagger (3)]
  2956 | D:4      | HP: 2/42 [goblin/+0 club (4)]
  2957 | D:4      | Slain by Ijyb

Levels and vault maps discovered:
D:1:      psy_arrival_terrarium, layout_basic
D:2:      layout_rooms, nicolae_ecumenical_pavilion
D:3:      layout_loops_ring, nicolae_ru_awakened_eye, minmay_door_square
D:4:      kennysheep_the_goblin_king, layout_basic, serial_shops,
          nicolae_shop_temple_entry_statues_fountains

Skill      XL: |  1  2  3  4  5  6 |
---------------+-------------------+-----
Axes           | 2 3 4 5 |  5.2
Shields        | 5 |  5.5
Fighting       | |  3.9
Armour         | |  3.2

Action                     |  1- 3 |  4- 6 |  7- 9 || total
---------------------------+-------+-------+-------++-------
  Melee: War axe           |   107 |   146 |    14 ||   267
         Unarmed           |       |       |    19 ||    19
    Use: Scroll            |     6 |     3 |       ||     9
         Potion            |       |     2 |       ||     2
 Armour: Scale mail        |    38 |       |       ||    38
         Plate armour      |    19 |    95 |     7 ||   121
  Dodge: Dodged            |    51 |    24 |    22 ||    97
  Block: Buckler           |    13 |    13 |       ||    26
         Tower shield      |       |    43 |     9 ||    52

Table legend:
 A = Non-vault XP
 B = Vault XP
 C = Vault XP percentage of total XP
 D = Non-vault monster count
 E = Vault monster count
 F = Vault count percentage of total count
                 A         B        C        D         E       F
            +---------+---------+-------+---------+---------+-------
      Total |     623 |       7 |   1.1 |      98 |       4 |   3.9
            +---------+---------+-------+---------+---------+-------
        D:1 |      36 |       0 |   0.0 |      22 |       0 |   0.0
        D:2 |     136 |       0 |   0.0 |      23 |       0 |   0.0
        D:3 |     148 |       0 |   0.0 |      31 |       0 |   0.0
        D:4 |     303 |       7 |   2.3 |      22 |       4 |  15.4
            +---------+---------+-------+---------+---------+-------
